 Dungeon Crawl Stone Soup version 0.31-a0-486-g8d68a81214 (webtiles) character file.

Game seed: 7148380878130597264

14 rocky1 the Covered (level 2, -1/26 HPs)
             Began as a Meteoran Fighter on Aug 8, 2023.
             Slain by a goblin
             ... wielding a +0 club
              (4 damage)
             ... on level 2 of the Dungeon.
             The game lasted 00:01:19 (192 turns).

rocky1 the Covered (Meteoran Fighter)                Turns: 192, Time: 00:01:20

Health: -1/26      AC:  7    Str: 17    XL:     2   Next: 82%
Magic:  3/3        EV:  9    Int:  9    God:
Gold:   17         SH:  5    Dex: 13    Spells: 1/1 levels left

rFire   . . .        a - +0 flail
rCold   . . .        c - +0 buckler
rNeg    . . .        b - +0 scale mail
rPois   .            (no helmet)
rElec   .            (no cloak)
rCorr   .            (no gloves)
SInv    .            (no boots)
Will    .....        (no amulet) Stlth
                     (no ring)
HPRegen 0.24/turn    (no ring)
MPRegen 0.08/turn

%: no passive effects
@: glowing
A: sense surroundings 1, otherworldly, glowing, explore regen
a: no special abilities


You were on level 2 of the Dungeon.
You visited 1 branch of the dungeon, and saw 2 of its levels.

You collected 17 gold pieces.

Inventory:

Hand Weapons
 a - a +0 flail (weapon)
Armour
 b - a +0 scale mail (worn)
 c - a +0 buckler (worn)
Scrolls
 f - a scroll of enchant weapon {unknown}
Potions
 d - a potion of might
 e - a potion of lignification {unknown}


   Skills:
 + Level 3.5 Fighting
 + Level 3.1 Maces & Flails
 + Level 3.9 Armour
 + Level 3.9 Shields


You had one spell level left.
You didn't know any spells.
Your spell library was empty.

Dungeon Overview and Level Annotations

Branches:
Dungeon (2/15) Zot: 1001

Altars:


Innate Abilities, Weirdness & Mutations

You passively map a small area around you.
You are easily found by Zot.
You glow in the dark.
You regain HP and MP as you explore.


Message History

You feel sick. The adder bites you but does no damage.
You hit the adder.
You kill the adder!
You feel sick.
Your Maces & Flails skill increases to level 3!
You have reached level 2!
Found a robe.
You feel sick.
You are no longer poisoned.
You see here a +0 robe.
An endoplasm comes into view.
The endoplasm quivers.
A goblin comes into view. It is wielding a +0 club.
The goblin shouts!
You hear an angry hiss. x2; You hear a shout!
You hear an angry hiss.
An adder comes into view.
The goblin unwields a +0 club.
The goblin wields a +0 sling.
The goblin shoots a sling bullet.
The sling bullet closely misses you. The endoplasm freezes you.
You are frozen.
* * * LOW HITPOINT WARNING * * *
The goblin shoots a sling bullet.
You block the sling bullet.
A bat comes into view.
Unknown command.
A kobold comes into view. It is wielding a +0 dagger.
You hit the endoplasm.
The endoplasm is heavily wounded.
The endoplasm freezes you.
You are frozen.
* * * LOW HITPOINT WARNING * * *
The endoplasm freezes you.
You are frozen.
* * * LOW HITPOINT WARNING * * *
You sock the endoplasm!
You kill the endoplasm!
The goblin unwields a +0 sling.
The goblin wields a +0 club.
The goblin closely misses you.
You hit the goblin.
The goblin is severely wounded.
The goblin hits you with a +0 club.
You die...

* .. * #.# , ,, , ,
... * *** , * #.# ,
... * , ,,, _ ,
#.#.#.### ##### *
,.......K########...#
# #Sbg@....[.#.#
###### *
.......#########...#
#....[ #.#.#.# *
##.## #.#### ,...,,
#.# #.##.. ###**
.######.####.##.#
.............##.#
#######.........#
########... #.##


You could see an adder, a goblin, a bat and a kobold.

Vanquished Creatures
  An adder (D:2)
  2 endoplasms (D:2)
  A hobgoblin (D:2)
  A kobold (D:2)
5 creatures vanquished.

Notes
Turn   | Place    | Note
-------+----------+-------------------------------------------
     0 | D:1      | rocky1 the Meteoran Fighter began the quest for the Orb.
     0 | D:1      | Reached XP level 1. HP: 19/19 MP: 2/2
   173 | D:2      | Reached XP level 2. HP: 6/26 MP: 3/3
   192 | D:2      | Slain by a goblin

Illustrated notes

Levels and vault maps discovered:
D:1:      tarquinn_simple_flora_water_e, layout_rooms, minmay_misc_feat_rows
D:2:      layout_loops_ring, basic_altar, shapermc_ecumenical_altar_hornbeckon,
          st_stairs_10

Skill      XL: |  1 |
---------------+----+-----
Maces & Flails | 3 |  3.1
Fighting       | |  3.5
Armour         | |  3.9
Shields        | |  3.9

Action                     || total
---------------------------++-------
  Melee: Flail             ||    19
 Armour: Scale mail        ||     6
  Dodge: Dodged            ||     7
  Block: Buckler           ||     5

Table legend: (Time is in decaauts)
 A = Elapsed time spent in this place.
 B = Non-inter-level travel time spent in this place.
 C = Inter-level travel time spent in this place.
 D = Time resting spent in this place.
 E = Time spent auto-exploring this place.
 F = Levels seen in this place.
 G = Mean time per level.
                   A        B        C        D        E       F      G
               +--------+--------+--------+--------+--------+-----+--------+
         Total |    197 |    197 |      0 |      0 |     19 |   2 |   98.5 |
       Dungeon |    197 |    197 |      0 |      0 |     19 |   2 |   98.5 |
               +--------+--------+--------+--------+--------+-----+--------+

Top non-repeatable levels by time:
     D:2: 170 daAuts
     D:1: 27 daAuts
